3AAA
PORT ROYAL DISASTER @ KEY WEST CORAL REEFERS
06/18/2034
 
TOP OF THE 1ST
Port Royal Disaster batting - Pitching for Key West Coral Reefers : LHP Todd Serrano
Pitching: LHP Todd Serrano
Batting: RHB Wrangler Haresnape 0-0: SINGLE (Groundball, 6MD)
Batting: RHB John Burton 0-0: Grounds into double play, 5-4-3 (Groundball, 5L)
Batting: RHB Michael Brannon 0-0: Ball
1-0: Ball
2-0: Called Strike
2-1: Ball
3-1: Fly out, F7 (Flyball, 7S)
Top of the 1st over - 0 runs, 1 hit, 0 errors, 0 left on base; Port Royal 0 - Key West 0
BOTTOM OF THE 1ST
Key West Coral Reefers batting - Pitching for Port Royal Disaster : RHP Elton Mobley
Pitching: RHP Elton Mobley
Batting: RHB Miguel Montoya 0-0: Called Strike
0-1: Foul Ball, location: 2F
0-2: Foul Ball, location: 2F
0-2: Ball
1-2: Ball
2-2: Foul Ball, location: 2F
2-2: Foul Ball, location: 2F
2-2: Foul Ball, location: 2F
2-2: Foul Ball, location: 2F
2-2: Fly out, F7 (Line Drive, 7D)
Batting: LHB Jordan Westacott 0-0: Ball
1-0: Foul Ball, location: 2F
1-1: Ground out U3 (Groundball, 3S)
Batting: RHB Arturo Scantlebury 0-0: SINGLE (Groundball, 56D)
Batting: RHB Craig Tricket 0-0: Ball
1-0: Called Strike
1-1: Foul Ball, location: 2F
1-2: Ball
2-2: Ground out U3 (Groundball, 34S)
Bottom of the 1st over - 0 runs, 1 hit, 0 errors, 1 left on base; Port Royal 0 - Key West 0
TOP OF THE 2ND
Port Royal Disaster batting - Pitching for Key West Coral Reefers : LHP Todd Serrano
Batting: RHB Anson Darrah 0-0: Fly out, F9 (Flyball, 9S)
Batting: SHB Júlio Morín Jr. 0-0: Called Strike
0-1: Ball
1-1: Fly out, F3 (Line Drive, 3)
Batting: LHB Ricky Payton 0-0: SINGLE (Groundball, 4) (infield hit)
Batting: RHB Steve Bock 0-0: Ball
1-0: Swinging Strike
1-1: Foul Ball, location: 2F
1-2: Strikes out swinging
Top of the 2nd over - 0 runs, 1 hit, 0 errors, 1 left on base; Port Royal 0 - Key West 0
BOTTOM OF THE 2ND
Key West Coral Reefers batting - Pitching for Port Royal Disaster : RHP Elton Mobley
Batting: SHB Dave Atkins 0-0: Called Strike
0-1: Foul Ball, location: 2F
0-2: Strikes out looking
Batting: RHB Ken Moore 0-0: Ball
1-0: Ball
2-0: Ball
3-0: Base on Balls
Batting: RHB Werner Bowman 0-0: Ball
1-0: Foul Ball, location: 2F
1-1: Called Strike
1-2: Foul Ball, location: 2F
1-2: Foul Ball, location: 2F
1-2: Fly out, F7 (Line Drive, 7D)
Batting: RHB Juan Martínez 0-0: Ball
1-0: Ball
2-0: Ball
3-0: Called Strike
3-1: Base on Balls
Ken Moore to second
Batting: RHB Jarred Cobb 0-0: Ball
1-0: Ball
2-0: Ball
3-0: Called Strike
3-1: DOUBLE (Line Drive, 7LM)
Ken Moore scores
Juan Martínez to third
Batting: RHB Miguel Montoya 0-0: Called Strike
0-1: Ball
1-1: Foul Ball, location: 2F
1-2: Ball
2-2: Ball
3-2: Strikes out looking
Bottom of the 2nd over - 1 run, 1 hit, 0 errors, 2 left on base; Port Royal 0 - Key West 1
TOP OF THE 3RD
Port Royal Disaster batting - Pitching for Key West Coral Reefers : LHP Todd Serrano
Batting: LHB Mitchell Cusimano 0-0: Called Strike
0-1: Foul Ball, location: 2F
0-2: Foul Ball, location: 2F
0-2: Ground out 6-3 (Groundball, 6S)
Batting: LHB Lorenzo Díaz 0-0: Ball
1-0: Ball
2-0: Called Strike
2-1: Ground out U3 (Groundball, 3L)
Batting: RHB Wrangler Haresnape 0-0: SINGLE (Line Drive, 8LS)
Batting: RHB John Burton 0-0: Ball
1-0: Ball
2-0: Called Strike
2-1: Ball
3-1: Fly out, F8 (Flyball, 8LM)
Top of the 3rd over - 0 runs, 1 hit, 0 errors, 1 left on base; Port Royal 0 - Key West 1
BOTTOM OF THE 3RD
Key West Coral Reefers batting - Pitching for Port Royal Disaster : RHP Elton Mobley
Batting: LHB Jordan Westacott 0-0: Called Strike
0-1: Called Strike
0-2: SINGLE (Line Drive, 9LS)
Batting: RHB Arturo Scantlebury 0-0: Called Strike
0-1: Called Strike
0-2: Strikes out swinging
Batting: RHB Craig Tricket 0-0: Ball
1-0: Ball
2-0: Ball
3-0: Foul Ball, location: 2F
3-1: Fly out, F9 (Flyball, 9S)
Batting: SHB Dave Atkins 0-0: Swinging Strike
0-1: Called Strike
0-2: Fly out, F9 (Flyball, 9D)
Bottom of the 3rd over - 0 runs, 1 hit, 0 errors, 1 left on base; Port Royal 0 - Key West 1
TOP OF THE 4TH
Port Royal Disaster batting - Pitching for Key West Coral Reefers : LHP Todd Serrano
Batting: RHB Michael Brannon 0-0: Fly out, F9 (Flyball, 9LM)
Batting: RHB Anson Darrah 0-0: Ball
1-0: Called Strike
1-1: DOUBLE (Flyball, 8LXD)
Batting: SHB Júlio Morín Jr. 0-0: Ball
1-0: Foul Ball, location: 2F
1-1: Fly out, F7 (Flyball, 78D)
Batting: LHB Ricky Payton 0-0: Ball
1-0: SINGLE (Groundball, 3D)
Anson Darrah to third
Runner from 3rd tries for Home, SAFE, no throw
Batting: RHB Steve Bock 0-0: Ball
1-0: Ball
2-0: Ball
3-0: Called Strike
3-1: Foul Ball, location: 2F
3-2: Strikes out swinging
Top of the 4th over - 1 run, 2 hits, 0 errors, 1 left on base; Port Royal 1 - Key West 1
BOTTOM OF THE 4TH
Key West Coral Reefers batting - Pitching for Port Royal Disaster : RHP Elton Mobley
Batting: RHB Ken Moore 0-0: Ball
1-0: Called Strike
1-1: Fly out, F4 (Popup, 34)
Batting: RHB Werner Bowman 0-0: Called Strike
0-1: Ball
1-1: Ground out 5-3 (Groundball, 56)
Batting: RHB Juan Martínez 0-0: Called Strike
0-1: Ground out 4-3 (Groundball, 4MS)
Bottom of the 4th over - 0 runs, 0 hits, 0 errors, 0 left on base; Port Royal 1 - Key West 1
TOP OF THE 5TH
Port Royal Disaster batting - Pitching for Key West Coral Reefers : LHP Todd Serrano
Batting: LHB Mitchell Cusimano 0-0: TRIPLE (Groundball, 3L)
Batting: LHB Lorenzo Díaz 0-0: Ball
1-0: Foul Ball, location: 2F
1-1: Swinging Strike
1-2: Strikes out swinging
Batting: RHB Wrangler Haresnape 0-0: Ball
1-0: Ball
2-0: Ball
3-0: Called Strike
3-1: Foul Ball, location: 2F
3-2: Foul Ball, location: 2F
3-2: Base on Balls
Batting: RHB John Burton 0-0: Ball
1-0: Swinging Strike
1-1: Swinging Strike
1-2: Foul Ball, location: 2F
1-2: Foul Ball, location: 2F
1-2: Ball
2-2: Foul Ball, location: 2F
2-2: Foul Ball, location: 2F
2-2: Foul Ball, location: 2F
2-2: Ball
3-2: Base on Balls
Wrangler Haresnape to second
Batting: RHB Michael Brannon 0-0: Ball
1-0: Foul Ball, location: 2F
1-1: SINGLE (Line Drive, 7LS)
Mitchell Cusimano scores
Wrangler Haresnape to third
John Burton to second
Batting: RHB Anson Darrah 0-0: Called Strike
0-1: Ball
1-1: Foul Ball, location: 2F
1-2: Foul Ball, location: 2F
1-2: Ball
2-2: Foul Ball, location: 2F
2-2: Grounds into double play, 6-4-3 (Groundball, 6)
Top of the 5th over - 1 run, 2 hits, 0 errors, 2 left on base; Port Royal 2 - Key West 1
BOTTOM OF THE 5TH
Key West Coral Reefers batting - Pitching for Port Royal Disaster : RHP Elton Mobley
Batting: RHB Jarred Cobb 0-0: Called Strike
0-1: Ball
1-1: Ball
2-1: Foul Ball, location: 2F
2-2: Foul Ball, location: 2F
2-2: SOLO HOME RUN (Flyball, 7LD), Distance : 362 ft
Batting: RHB Miguel Montoya 0-0: Fly out, F7 (Flyball, 7LM)
Batting: LHB Jordan Westacott 0-0: Called Strike
0-1: Fly out, F7 (Flyball, 78S)
Batting: RHB Arturo Scantlebury 0-0: Ground out 6-3 (Groundball, 6)
Bottom of the 5th over - 1 run, 1 hit, 0 errors, 0 left on base; Port Royal 2 - Key West 2
TOP OF THE 6TH
Port Royal Disaster batting - Pitching for Key West Coral Reefers : LHP Todd Serrano
Batting: SHB Júlio Morín Jr. 0-0: Called Strike
0-1: Ball
1-1: Ball
2-1: Foul Ball, location: 2F
2-2: Foul Ball, location: 2F
2-2: Strikes out looking
Batting: LHB Ricky Payton 0-0: Ball
1-0: Ball
2-0: Ground out 4-3 (Groundball, 4)
Batting: RHB Steve Bock 0-0: Ball
1-0: Ground out 6-3 (Groundball, 6M)
Top of the 6th over - 0 runs, 0 hits, 0 errors, 0 left on base; Port Royal 2 - Key West 2
BOTTOM OF THE 6TH
Key West Coral Reefers batting - Pitching for Port Royal Disaster : RHP Elton Mobley
Batting: RHB Craig Tricket 0-0: Ground out 6-3 (Groundball, 6S)
Batting: SHB Dave Atkins 0-0: Called Strike
0-1: Ball
1-1: SINGLE (Groundball, 4D)
Batting: RHB Ken Moore 0-0: Foul Ball, location: 2F
0-1: Ball
1-1: Called Strike
1-2: Ball
2-2: Foul Ball, location: 2F
2-2: Fly out, F4 (Flyball, 34D)
Pitching: LHP Magnus Scheving
Batting: RHB Werner Bowman 0-0: Fly out, F9 (Flyball, 89S)
Bottom of the 6th over - 0 runs, 1 hit, 0 errors, 1 left on base; Port Royal 2 - Key West 2
TOP OF THE 7TH
Port Royal Disaster batting - Pitching for Key West Coral Reefers : LHP Todd Serrano
Pinch Hitting: RHB Richard Cutshall 0-0: Called Strike
0-1: Foul Ball, location: 2F
0-2: Foul Ball, location: 2F
0-2: Ball
1-2: Reached on error, E6 (Line Drive, 6)
Batting: LHB Lorenzo Díaz 0-0: Ground out 6-3 (Groundball, 6S)
Richard Cutshall to second
Pitching: RHP Juan Ramírez
Batting: RHB Wrangler Haresnape 0-0: Ground out 6-3 (Groundball, 56)
Batting: RHB John Burton 0-0: Ball
1-0: Called Strike
1-1: Ball
2-1: Ball
3-1: Base on Balls
Batting: RHB Michael Brannon 0-0: Called Strike
0-1: Called Strike
0-2: Fielders Choice at 2nd, 6-4 (Groundball, 6)
Top of the 7th over - 0 runs, 0 hits, 1 error, 2 left on base; Port Royal 2 - Key West 2
BOTTOM OF THE 7TH
Key West Coral Reefers batting - Pitching for Port Royal Disaster : LHP Magnus Scheving
Now at 3B: Richard Cutshall
Batting: RHB Juan Martínez 0-0: Ball
1-0: Foul Ball, location: 2F
1-1: Ball
2-1: Swinging Strike
2-2: Ball
3-2: Ground out 6-3 (Groundball, 6D)
Batting: RHB Jarred Cobb 0-0: Foul Ball, location: 2F
0-1: Ball
1-1: Ball
2-1: Foul Ball, location: 2F
2-2: SINGLE (Flyball, 89M)
Batting: RHB Miguel Montoya 0-0: Ball
1-0: Ball
2-0: Foul Ball, location: 2F
2-1: Ball
3-1: Called Strike
3-2: Fly out, F4 (Popup, 4M)
Pinch Hitting: RHB Peter Heard 0-0: Fly out, F7 (Flyball, 7S)
Bottom of the 7th over - 0 runs, 1 hit, 0 errors, 1 left on base; Port Royal 2 - Key West 2
TOP OF THE 8TH
Port Royal Disaster batting - Pitching for Key West Coral Reefers : RHP Juan Ramírez
Now in RF: Peter Heard
Batting: RHB Anson Darrah 0-0: Called Strike
0-1: Foul Ball, location: 2F
0-2: Fly out, F8 (Flyball, 8RM)
Batting: SHB Júlio Morín Jr. 0-0: Foul Ball, location: 2F
0-1: Ball
1-1: Ground out 6-3 (Groundball, 6M)
Batting: LHB Ricky Payton 0-0: SOLO HOME RUN (Flyball, 89XD), Distance : 407 ft
Pitching: RHP Mark Deeds
Batting: RHB Steve Bock 0-0: Ball
1-0: Ball
2-0: Ball
3-0: Base on Balls
Batting: RHB Richard Cutshall 0-0: Ball
1-0: Ball
2-0: Ball
3-0: Called Strike
3-1: Foul Ball, location: 2F
3-2: Foul Ball, location: 2F
3-2: Foul Ball, location: 2F
3-2: Base on Balls
Steve Bock to second
Batting: LHB Lorenzo Díaz 0-0: Ball
1-0: Fly out, F9 (Line Drive, 9)
Top of the 8th over - 1 run, 1 hit, 0 errors, 2 left on base; Port Royal 3 - Key West 2
BOTTOM OF THE 8TH
Key West Coral Reefers batting - Pitching for Port Royal Disaster : LHP Magnus Scheving
Batting: RHB Arturo Scantlebury 0-0: Called Strike
0-1: Ball
1-1: Ball
2-1: DOUBLE (Flyball, 89XD)
Pitching: RHP Chenor Njie
Batting: RHB Craig Tricket 0-0: Ball
Wild Pitch!
Arturo Scantlebury to third
1-0: Fly out, F7 (Flyball, 78S)
Batting: SHB Dave Atkins 0-0: Called Strike
0-1: Ball
1-1: 2-RUN HOME RUN (Flyball, 7D), Distance : 404 ft
Batting: RHB Ken Moore 0-0: Ball
1-0: Foul Ball, location: 2F
1-1: Ground out 6-3 (Groundball, 56D)
Batting: RHB Werner Bowman 0-0: Called Strike
0-1: Ball
1-1: Called Strike
1-2: Ball
2-2: Ball
3-2: Foul Ball, location: 2F
3-2: Base on Balls
Batting: RHB Juan Martínez 0-0: Ball
1-0: Called Strike
1-1: Ball
2-1: Called Strike
2-2: Foul Ball, location: 2F
2-2: Ball
3-2: Ground out 4-3 (Groundball, 34)
Bottom of the 8th over - 2 runs, 2 hits, 0 errors, 1 left on base; Port Royal 3 - Key West 4
TOP OF THE 9TH
Port Royal Disaster batting - Pitching for Key West Coral Reefers : RHP Mark Deeds
Pitching: RHP Dave Haynes
Now at 1B: Lorenzo Rosas
Batting: RHB Wrangler Haresnape 0-0: Ball
1-0: Foul Ball, location: 2F
1-1: SINGLE (Groundball, 3D)
Batting: RHB John Burton 0-0: Ball
1-0: Fly out, F7 (Flyball, 78M)
Batting: RHB Michael Brannon 0-0: Swinging Strike
0-1: Fly out, F5 (Popup, 5F)
Batting: RHB Anson Darrah 0-0: Ball
1-0: Called Strike
1-1: Swinging Strike
1-2: Foul Ball, location: 2F
1-2: Fly out, F6 (Flyball, 56D)
Top of the 9th over - 0 runs, 1 hit, 0 errors, 1 left on base; Port Royal 3 - Key West 4
Friday, March 29th, 2019 - OOTP Baseball 18.8 Build 76